 Dungeon Crawl Stone Soup version 0.17.0-28-g6e173f8 (webtiles) character file.

30713 septik the Severer (level 13, -2/178 HPs)
             Began as a Minotaur Berserker on Nov 27, 2015.
             Was a High Priest of Trog.
             Slain by a minotaur
             ... wielding the +7 short sword of Gloom {drain, +Rage SInv}
              (11 damage)
             ... in a labyrinth.
             The game lasted 00:45:41 (16202 turns).

septik the Severer (Minotaur Berserker)            Turns: 16202, Time: 00:45:41

Health: -2/178     AC: 19    Str: 36    XL:     13   Next: 22%
Magic:  12/12      EV:  8    Int:  4    God:    Trog [*****.]
Gold:   438        SH:  0    Dex:  9    Spells: 0 memorised, 12 levels left

rFire  . . .     SeeInvis .     D - +4 broad axe (elec)
rCold  . . .     Clarity  .     t - +0 plate armour
rNeg   . . .     SustAt   +     (no shield)
rPois  .         Gourm    .     L - +0 hat
rElec  .         Spirit   .     p - +2 cloak
rCorr  .         Warding  .     (no gloves)
rMut   .         Stasis   .     P - +2 pair of boots
MR     .....                    s - amulet of inaccuracy (curse)
Stlth  ..........               f - ring of sustain attributes
                                B - +3 ring of strength

@: berserking (expiring), very heavily drained, very quick, not resistant to
hostile enchantments, extremely unstealthy
A: retaliatory headbutt, horns 2, thin metallic scales 1, spit poison 1
a: Spit Poison, Berserk, Trog's Hand, Brothers in Arms, Burn Spellbooks,
Renounce Religion


You were in a labyrinth.
You worshipped Trog.
Trog was extremely pleased with you.
You were not hungry.

You visited 2 branches of the dungeon, and saw 14 of its levels.
You also visited: Labyrinth and Bailey.

You collected 933 gold pieces.
You spent 495 gold pieces at shops.

Inventory:

Hand Weapons
 v - a +1 war axe
 D - a +4 broad axe of electrocution (weapon)
 R - a +1 whip of flaming
Missiles
 i - 352 stones (quivered)
Armour
 n - the cursed +1 scale mail of Eternal Vigilance {rC+++ Dex-3, unknown}
   (You found it in a labyrinth)

   It affects your dexterity (-3).
   It renders you almost immune to cold.
   It has a curse placed upon it.
 o - a +0 pair of gloves
 p - a +2 cloak (worn)
 t - a +0 plate armour (worn)
 H - a +2 large shield
 L - a +0 hat (worn)
 P - a +2 pair of boots (worn)
Jewellery
 f - a ring of sustain attributes (right hand)
 q - an uncursed ring of wizardry {unknown}
 s - a cursed amulet of inaccuracy (around neck)
 B - a +3 ring of strength (left hand)
 W - an uncursed amulet of resist corrosion
Wands
 h - a wand of teleportation (5)
 y - a wand of teleportation (6)
 K - a wand of heal wounds (0)
 X - a wand of lightning (6)
 Y - a wand of paralysis (8)
Scrolls
 d - 9 scrolls of remove curse
 g - a scroll of magic mapping
 j - a scroll of identify
 w - a scroll of enchant weapon
 A - a scroll of blinking {unknown}
 E - 4 scrolls of teleportation
Potions
 b - a potion of berserk rage
 e - a potion of invisibility {unknown}
 k - 4 potions of might
 m - 13 potions of curing
 u - 3 potions of agility
 x - 3 potions of ambrosia
 C - a potion of brilliance
 F - 3 potions of heal wounds
 N - 5 potions of haste
 V - a potion of flight {unknown}
Books
 a - a book of Burglary

   Spells                             Type                      Level
   a - Swiftness                      Charms/Air                   2
   b - Passwall                       Transmutation/Earth          3
   c - Passage of Golubria            Translocation                4
   d - Lee's Rapid Deconstruction     Earth                        5
   e - Darkness                       Hexes                        6
   f - Invisibility                   Hexes                        6
   Trog disapproves of the use of such an item.
Miscellaneous
 l - a plain deck of wonders
 G - a box of beasts
Comestibles
 c - 3 bread rations
 r - a fruit


   Skills:
 + Level 12.4(2.2) Fighting
 * Level 16.5(5.3) Axes
 + Level 12.2(2.1) Armour
 + Level 11.3(1.3) Dodging


You had 12 spell levels left.
You didn't know any spells.

Dungeon Overview and Level Annotations

Branches:
Dungeon (9/15)             Temple (0/1) D:5            Lair (5/8) D:9
  Swamp (0/4) Lair:5       Spider (0/4) Lair:5
    Orc: D:9-12

Altars:
Ashenzari
Elyvilon
Fedhas
Gozag
Makhleb
Okawaru
Qazlal
Ru
Trog

Shops:
D:4 *


Innate Abilities, Weirdness & Mutations

You reflexively headbutt those who attack you in melee.
You have a pair of horns on your head.
You are partially covered in thin metallic scales (AC +2).
You can spit weak poison.


Message History

You hit something but do no damage.
There is a sudden explosion of sparks!
Something hits you.
You feel drained. Something gores you!
You miss something.
Unknown command.
You slice something!! You headbutt something. Something hits you!
You feel drained.
* * * LOW HITPOINT WARNING * * *
Something gores you but does no damage.
You hit something. Your headbutt misses something. Something hits you!
* * * LOW HITPOINT WARNING * * *
You feel drained.
* * * LOW HITPOINT WARNING * * *
Something gores you!
* * * LOW HITPOINT WARNING * * *
You slice something!! Something hits you!!
* * * LOW HITPOINT WARNING * * *
You feel drained.
You die...

..# # ## #.# #.# #.
#.# . . #.###. #. # ..
#####.### #.#.##### #
.......#...#...#...#.#
## #. ......{@..# ###.
.. .##########........
#.#.. . . #.###### ..
#..# .#. # #. #..# #.
## # #..# # ##
#.#.....# .###.##.#.
#.#.# ## ..
.....######## #.#.# .#
#.##. . .... # ..# #


There were no monsters in sight!

Vanquished Creatures
  2 hydras
  4 death yaks (Lair:5)
  Pikel (D:7)
  An orc knight (Bailey)
  A griffon (Lair:3)
  6 elephants
  7 spiny frogs
  6 black mambas
  12 komodo dragons
  A minotaur skeleton (Lab)
  3 blink frogs (Lair:2)
  4 spriggans (Lair:1)
  Sigmund (D:6)
  2 wyverns
  33 yaks
  5 hippogriffs
  5 hungry ghosts
  Menkaure (D:7)
  11 wolves
  10 porcupines
  2 orc warriors (D:8)
  A swamp drake (D:9)
  6 water moccasins
  A sky beast (D:5)
  3 black bears
  8 ogres
  2 ice beasts
  3 centaurs
  9 crocodiles
  10 giant frogs
  2 scorpions
  A water moccasin skeleton (D:8)
  7 killer bees (D:8)
  5 wights (D:8)
  5 electric eels
  A quasit (D:8)
  7 orc priests
  2 centaur skeletons
  3 crimson imps
  A gnoll shaman (D:6)
  3 hounds
  3 jellies
  8 orc wizards
  6 iguanas
  3 worker ants
  A hound skeleton (D:5)
  9 river rats (Lair:3)
  12 adders
  21 gnolls
  2 oozes
  An adder skeleton (D:9)
  2 worms
  7 giant geckos
  29 orcs
  5 giant cockroaches
  8 goblins
  16 hobgoblins
  11 jackals
  5 quokkas
  12 ball pythons
  4 bats
  A giant gecko skeleton (D:8)
  4 giant newts
  14 kobolds
  A quokka skeleton (D:6)
  4 rats
  A fungus (Lair:3)
  7 plants
395 creatures vanquished.

Vanquished Creatures (others)
  A wight (D:7)
  4 fungi
  3 plants
8 creatures vanquished.

Grand Total: 403 creatures vanquished

Notes
Turn   | Place    | Note
--------------------------------------------------------------
     0 | D:1      | septik the Minotaur Berserker began the quest for the Orb.
     0 | D:1      | Reached XP level 1. HP: 19/19 MP: 0/0
    75 | D:1      | Reached XP level 2. HP: 21/27 MP: 1/1
   732 | D:2      | Reached skill level 4 in Axes
  1067 | D:2      | Found an iron altar of Okawaru.
  1156 | D:3      | Noticed an ogre
  1161 | D:2      | Reached XP level 3. HP: 33/33 MP: 2/2
  1259 | D:3      | Reached ** piety under Trog
  1283 | D:3      | Killed an ogre
  1283 | D:3      | Reached skill level 5 in Axes
  1283 | D:3      | Reached XP level 4. HP: 23/40 MP: 3/3
  1417 | D:3      | Reached XP level 5. HP: 37/46 MP: 4/4
  2062 | D:4      | Reached XP level 6. HP: 53/53 MP: 5/5
  2134 | D:4      | Found a shattered altar of Ashenzari.
  2136 | D:4      | Found a blossoming altar of Fedhas.
  2183 | D:4      | Found Ylumanon's Assorted Antiques.
  2198 | D:4      | Bought a bone ring for 120 gold pieces
  2232 | D:4      | Reached skill level 5 in Fighting
  2242 | D:4      | Found a burning altar of Makhleb.
  2244 | D:4      | Reached *** piety under Trog
  2244 | D:4      | Reached skill level 6 in Axes
  2361 | D:4      | Noticed an ogre
  2365 | D:4      | Killed an ogre
  2500 | D:4      | Reached XP level 7. HP: 61/61 MP: 6/6
  2750 | D:5      | Entered Level 5 of the Dungeon
  2948 | D:5      | Found a staircase to the Ecumenical Temple.
  3012 | D:5      | Reached skill level 7 in Axes
  3012 | D:5      | Reached skill level 5 in Armour
  3870 | D:6      | Found an opulent altar of Gozag.
  3930 | D:6      | Reached skill level 5 in Dodging
  3931 | D:6      | Reached **** piety under Trog
  4013 | D:6      | Noticed Sigmund
  4040 | D:6      | Killed Sigmund
  4040 | D:6      | Reached XP level 8. HP: 39/71 MP: 7/7
  4138 | D:6      | Reached skill level 8 in Axes
  4297 | D:6      | Reached skill level 9 in Axes
  4373 | D:6      | Found a sacrificial altar of Ru.
  4374 | D:6      | Found a stormy altar of Qazlal.
  4944 | D:7      | Noticed Pikel
  4958 | D:7      | Killed Pikel
  4958 | D:7      | Reached XP level 9. HP: 73/79 MP: 8/8
  5000 | D:7      | Reached skill level 10 in Axes
  5133 | D:7      | Found a white marble altar of Elyvilon.
  5162 | D:7      | Noticed Menkaure
  5171 | D:7      | Killed Menkaure
  5183 | D:7      | Found a bloodstained altar of Trog.
  5240 | D:7      | Found a flagged portal.
  5249 | Bailey   | Entered a bailey
  5658 | Bailey   | Reached ***** piety under Trog
  5700 | Bailey   | Noticed an orc knight
  5726 | Bailey   | Killed an orc knight
  6063 | D:7      | Reached skill level 11 in Axes
  6828 | D:8      | Reached XP level 10. HP: 76/90 MP: 9/9
  7899 | D:9      | Reached skill level 12 in Axes
  8012 | D:9      | Received a gift from Trog
  8647 | D:9      | Found a staircase to the Lair.
  8924 | D:4      | Bought a scroll of identify for 48 gold pieces
  8924 | D:4      | Bought a green potion for 21 gold pieces
  8924 | D:4      | Bought a green potion for 21 gold pieces
  8924 | D:4      | Bought a scroll of identify for 48 gold pieces
  8924 | D:4      | Bought an agate ring for 120 gold pieces
  8924 | D:4      | Bought a scroll labeled TOSYUGOUQE for 24 gold pieces
  8924 | D:4      | Bought a scroll of teleportation for 72 gold pieces
  8924 | D:4      | Bought a silvery potion for 21 gold pieces
  9160 | Lair:1   | Entered Level 1 of the Lair of Beasts
  9303 | Lair:1   | Reached skill level 10 in Fighting
  9303 | Lair:1   | Reached XP level 11. HP: 54/99 MP: 10/10
  9319 | D:9      | Reached skill level 13 in Axes
  9622 | Lair:1   | Noticed a black mamba
  9644 | Lair:1   | Killed a black mamba
 10235 | Lair:1   | Reached skill level 10 in Armour
 10740 | Lair:1   | Reached skill level 14 in Axes
 11216 | Lair:2   | Gained mutation: You are partially covered in thin metallic scales (AC +2). [potion of beneficial mutation]
 11217 | Lair:2   | Gained mutation: You can spit weak poison. [potion of beneficial mutation]
 11680 | Lair:2   | Received a gift from Trog
 11710 | Lair:2   | Reached XP level 12. HP: 76/110 MP: 11/11
 12220 | Lair:2   | Reached skill level 10 in Dodging
 12289 | Lair:3   | Noticed a five-headed hydra
 12328 | Lair:3   | Killed a five-headed hydra
 12328 | Lair:3   | Reached skill level 15 in Axes
 13889 | Lair:4   | Noticed a six-headed hydra
 13901 | Lair:4   | Killed a six-headed hydra
 14301 | Lair:4   | Reached skill level 16 in Axes
 14371 | Lair:4   | Received a gift from Trog
 14628 | Lair:4   | Reached XP level 13. HP: 118/118 MP: 12/12
 14705 | Lair:5   | Found a labyrinth entrance.
 14717 | Lab      | Entered a labyrinth
 14818 | Lab      | Found an exit through the horrors of the Abyss.
 15071 | Lab      | Found an exit through the horrors of the Abyss.
 15625 | Lab      | Got a dazzling scale mail
 16202 | Lab      | Identified the +7 short sword of Gloom {drain, +Rage SInv}
 16202 | Lab      | Slain by a minotaur

Action                   |  1- 3 |  4- 6 |  7- 9 | 10-12 | 13-15 || total
-------------------------+-------+-------+-------+-------+-------++-------
Melee: Hand axe          |    23 |    13 |       |       |       ||    36
       Whip              |    45 |       |       |    26 |       ||    71
       War axe           |       |    83 |   279 |   690 |       ||  1052
       Broad axe         |       |       |       |     7 |    57 ||    64
Throw: Stone             |       |     4 |       |       |       ||     4
Invok: Berserk           |     1 |     2 |    10 |     8 |     4 ||    25
       Trog's Hand       |       |       |     1 |     2 |       ||     3
Evoke: Wand              |       |       |       |       |     6 ||     6
  Use: Potion            |       |       |     2 |     2 |     2 ||     6
       Scroll            |       |       |     9 |    17 |     1 ||    27
  Eat: Chunk             |     1 |     6 |    25 |    31 |     2 ||    65
       Beef jerky        |       |       |     1 |     1 |       ||     2
       Fruit             |       |       |       |     1 |     1 ||     2
       Meat ration       |       |       |       |       |     2 ||     2
       Bread ration      |       |       |       |       |     2 ||     2
       Pizza             |       |       |       |       |     1 ||     1
